 Dungeon Crawl Stone Soup version 0.18.1-5-g4a78601 (webtiles) character file.

3600 Helmschank the Martial Artist (level 9, -13/74 HPs)
             Began as a White Draconian Transmuter on May 10, 2016.
             Killed from afar by Erica (20 damage)
             ... with a bolt of poison
             ... on level 9 of the Dungeon.
             The game lasted 00:54:52 (10525 turns).

Helmschank the Martial Artist (DrTm)               Turns: 10525, Time: 00:54:52

Health: -13/74     AC: 10    Str: 12      XL:     9   Next: 85%
Magic:  12/12      EV: 13    Int: 15      God:
Gold:   410        SH:  0    Dex: 13 (14) Spells: 4 memorised, 2 levels left

rFire  x . .     SeeInvis .       - Unarmed
rCold  + + .     Gourm    .     (armour unavailable)
rNeg   . . .     Faith    .     (no shield)
rPois  .         Spirit   .     (helmet restricted)
rElec  .         Dismiss  .     D - +0 cloak
rCorr  .         Reflect  .     (no gloves)
SustAt .         Harm     .     e - +1 pair of boots
MR     .....                    (no amulet)
Stlth  +.........               o - +2 ring of slaying
                                n - ring of ice

@: lethally poisoned (-13 -> -24), about to teleport, very slightly
contaminated, not resistant to hostile enchantments, very unstealthy
A: breathe frost, unfitting armour, cold resistance 1, cold-blooded, AC +7
a: Breathe Frost


You were on level 9 of the Dungeon.
You were hungry.

You visited 2 branches of the dungeon, and saw 10 of its levels.

You collected 410 gold pieces.

Inventory:

Hand Weapons
 b - a +0 blowgun
Missiles
 a - 121 arrows
 v - 17 poisoned needles
 Q - 6 javelins of returning (quivered)
 R - 317 stones
Armour
 e - a +1 pair of boots (worn)
 D - a +0 cloak (worn)
Magical Staves
 A - an uncursed staff of air {unknown}
Jewellery
 n - a ring of ice (left hand)
 o - a +2 ring of slaying (right hand)
 y - an uncursed ring of protection from fire {unknown}
 G - an uncursed ring of sustain attributes {unknown}
Wands
 c - a wand of teleportation (5/9)
 x - a wand of teleportation (1/9)
 C - a wand of enslavement (12/24)
Scrolls
 j - 2 scrolls of enchant armour
 z - a scroll of recharging
Potions
 f - a potion of brilliance
 h - 2 potions of might
 k - a potion of magic {unknown}
 m - 3 potions of lignification
 p - 2 potions of resistance
 q - 3 potions of cancellation
 t - a potion of flight {unknown}
 w - a potion of cure mutation {unknown}
Books
 u - a book of Changes

   Spells                             Type                      Level
   a - Beastly Appendage              Transmutation                1
   b - Sticks to Snakes               Transmutation                2
   c - Spider Form                    Transmutation/Poison         3
   d - Ice Form                       Ice/Transmutation            4
   e - Blade Hands                    Transmutation                5
 B - a book of Clouds

   Spells                             Type                      Level
   a - Mephitic Cloud                 Conjuration/Poison/Air       3
   b - Conjure Flame                  Conjuration/Fire             3
   c - Poisonous Cloud                Conjuration/Poison/Air       6
   d - Freezing Cloud                 Conjuration/Ice/Air          6
   e - Ring of Flames                 Charms/Fire                  7
Comestibles
 g - 8 slices of pizza
 r - 4 meat rations
 F - 2 bread rations
 H - 5 fruits


   Skills:
 - Level 5.1 Fighting
 + Level 3.2 Dodging
 * Level 10.5 Unarmed Combat
 - Level 2.0 Spellcasting
 + Level 7.3 Transmutations
 - Level 3.0 Ice Magic
 - Level 2.8 Poison Magic


You had 2 spell levels left.
You knew the following spells:

 Your Spells              Type           Power        Failure   Level  Hunger
a - Spider Form           Trmt/Pois      ###.......   10%         3    ###....
b - Ice Form              Ice/Trmt       ####....     28%         4    #####..
q - Sticks to Snakes      Trmt           ###.....     1%          2    ###....
z - Beastly Appendage     Trmt           ###...       1%          1    #......


Dungeon Overview and Level Annotations

Branches:
Dungeon (9/15)             Temple (1/1) D:4
   Lair: D:8-11         Orc: D:9-12

Altars:
Ashenzari
Cheibriados
Dithmenos
Elyvilon
Fedhas
Gozag
Kikubaaqudgha
Makhleb
Nemelex Xobeh
Okawaru
Pakellas
Qazlal
Ru
Sif Muna
Trog
Vehumet
Xom
Yredelemnul
Zin
The Shining One

Shops:
D:9 [%:

Annotations:
D:9 Erica


Innate Abilities, Weirdness & Mutations

You can breathe waves of freezing cold.
You can buffet flying creatures when you breathe cold.
Your icy white scales are hard (AC +7).
Your body does not fit into most forms of armour.
Your flesh is cold resistant.
You are cold-blooded and may be slowed by cold attacks.


Message History

Read which item? (? for menu, Esc to quit)
Blink to where?
Press: ? - help, Dir - move target cursor You are very lightly contaminated with residual magic.
As you read the scroll of blinking, it crumbles to dust.
A yak comes into view.
The yak bellows!
You hear a bellow!
You hear a shout!
Found Jirozarr's Food Shop.
Erica shouts!
A yak comes into view.
The yak bellows!
The quasit closely misses you. x2
The quasit claws you but does no damage.
Read which item? (? for menu, Esc to quit)
As you read the scroll of teleportation, it crumbles to dust.
You feel strangely unstable. Erica casts a spell at you.
The bolt of poison hits you!
You are lethally poisoned!
You die...

#...............
#...............
##...s...........
##8.8.8###....####
#..⌠O⌠.###....###.
#.8.∩.8#..O.....#.
#..YY⌠.#..s.....#.
#58.8.8#........#.
+@..#..+§.......#.
#......##########.
@............Y{.#'
.#.#..........##.#.
...∩...Y.......
#.#o ..
#.#.....#+#.. #.#.
#.# #.####..# #..
#.#o #. ... ..###..
#.#. .....# #.#.


You could see Erica, 3 yaks, an ogre, a scorpion and a quasit.

Vanquished Creatures
  The ghost of Amaryllis the Carver, a novice HEFi of Qazlal (D:6)
  Sigmund (D:5)
  A human (D:7)
  Eustachio (D:6)
  A black bear (D:8)
  An ice beast (D:8)
  3 sky beasts
  A phantom (D:6)
  4 ogres
  4 centaurs
  2 giant frogs
  A scorpion (D:5)
  A water moccasin skeleton (D:8)
  2 killer bees
  8 wights
  3 howler monkeys
  A crimson imp (D:7)
  A hound (D:8)
  2 orc priests
  Crazy Yiuf (D:7)
  A jelly (D:5)
  5 orc wizards
  A centaur skeleton (D:7)
  2 iguanas
  7 worker ants
  A killer bee zombie (D:6)
  4 sheep (D:7)
  A hound zombie (D:7)
  A gnoll (D:7)
  6 adders
  A howler monkey skeleton (D:5)
  A shadow imp (D:7)
  3 oozes
  2 adder zombies
  2 worms
  2 dart slugs
  4 giant geckos
  13 orcs
  7 giant cockroaches
  4 goblins
  A hobgoblin (D:2)
  4 jackals (D:8)
  4 quokkas
  2 ball pythons
  10 bats
  A giant gecko skeleton (D:5)
  A giant gecko zombie (D:5)
  5 giant newts
  5 kobolds
  3 rats
  A fungus (D:7)
145 creatures vanquished.

Notes
Turn   | Place    | Note
--------------------------------------------------------------
     0 | D:1      | Helmschank the Draconian Transmuter began the quest for the Orb.
     0 | D:1      | Reached XP level 1. HP: 16/16 MP: 3/3
   447 | D:1      | Reached XP level 2. HP: 19/23 MP: 3/5
   885 | D:2      | Learned a level 2 spell: Sticks to Snakes
   990 | D:2      | Reached XP level 3. HP: 26/28 MP: 4/6
  1271 | D:2      | Learned a level 3 spell: Spider Form
  1378 | D:2      | Reached skill level 4 in Unarmed Combat
  1560 | D:2      | Reached skill level 1 in Poison Magic
  1560 | D:2      | Reached XP level 4. HP: 5/35 MP: 3/7
  1850 | D:2      | Reached XP level 5. HP: 12/40 MP: 4/8
  2229 | D:3      | Found a stormy altar of Qazlal.
  2660 | D:3      | Reached skill level 5 in Unarmed Combat
  3370 | D:4      | Reached XP level 6. HP: 20/47 MP: 9/9
  3599 | D:4      | Found a staircase to the Ecumenical Temple.
  3610 | Temple   | Entered the Ecumenical Temple
  3752 | D:4      | Found a snail-covered altar of Cheibriados.
  4355 | D:5      | Entered Level 5 of the Dungeon
  4553 | D:5      | Noticed Sigmund
  4581 | D:5      | Killed Sigmund
  4581 | D:5      | Reached skill level 6 in Unarmed Combat
  4581 | D:5      | Your scales start taking on an icy white colour.
  4581 | D:5      | Reached XP level 7. HP: 32/55 MP: 5/10
  4581 | D:5      | Gained mutation: Your flesh is cold resistant. [White Draconian growth]
  4727 | D:5      | Learned a level 4 spell: Ice Form
  5124 | D:5      | Found a deep blue altar of Sif Muna.
  5802 | D:6      | Reached skill level 7 in Unarmed Combat
  6212 | D:6      | Reached skill level 5 in Transmutations
  6212 | D:6      | Reached XP level 8. HP: 44/63 MP: 7/11
  6342 | D:6      | Noticed Eustachio
  6368 | D:6      | Killed Eustachio
  6999 | D:6      | Noticed Amaryllis's ghost (novice HEFi)
  7033 | D:6      | Killed Amaryllis's ghost
  7033 | D:6      | Reached skill level 8 in Unarmed Combat
  7759 | D:6      | Reached skill level 5 in Fighting
  7802 | D:7      | Reached XP level 9. HP: 72/74 MP: 8/12
  7815 | D:7      | Reached skill level 9 in Unarmed Combat
  7838 | D:7      | Found a stormy altar of Qazlal.
  7928 | D:7      | Found an ancient bone altar of Kikubaaqudgha.
  7977 | D:7      | Found an opulent altar of Gozag.
  8105 | D:7      | Reached skill level 1 in Ice Magic
  8126 | D:7      | Found a shadowy altar of Dithmenos.
  8128 | D:7      | Found a glowing golden altar of the Shining One.
  8131 | D:7      | Found a glowing silver altar of Zin.
  8132 | D:7      | Found a basalt altar of Yredelemnul.
  8255 | D:7      | Noticed Crazy Yiuf
  8268 | D:7      | Killed Crazy Yiuf
  8667 | D:7      | Found an iron altar of Okawaru.
  8668 | D:7      | Found a bloodstained altar of Trog.
  8952 | D:8      | Found a sparkling altar of Nemelex Xobeh.
  9089 | D:8      | Reached skill level 10 in Unarmed Combat
  9103 | D:8      | Found a shimmering altar of Xom.
  9421 | D:8      | Found a shattered altar of Ashenzari.
 10433 | D:9      | Noticed Erica
 10457 | D:9      | Found Kirus's Antique Armour Shoppe.
 10499 | D:9      | Found Ycosijul's Book Shop.
 10521 | D:9      | Found Jirozarr's Food Shop.
 10525 | D:9      | Killed from afar by Erica

Skill      XL: |  1  2  3  4  5  6  7  8  9 |
---------------+----------------------------+-----
Dodging        | 2 3 |  3.2
Unarmed Combat | 4 5 6 7 8 10 | 10.5
Transmutations | 3 4 5 6 7 |  7.3
Poison Magic   | 1 2 |  2.8
Fighting       | 2 3 5 |  5.1
Ice Magic      | 3 |  3.0
Spellcasting   | |  2.0

Action                   |  1- 3 |  4- 6 |  7- 9 || total
-------------------------+-------+-------+-------++-------
Melee: Unarmed           |   136 |   140 |   332 ||   608
       Tailslap          |    12 |    12 |    19 ||    43
       Kick              |     8 |       |       ||     8
       Punch             |     1 |     2 |    10 ||    13
       Headbutt          |     8 |    15 |    28 ||    51
 Fire: Blowgun           |       |       |    45 ||    45
Throw: Stone             |       |     3 |       ||     3
       Javelin           |       |    11 |    13 ||    24
 Cast: Beastly Appendage |    21 |    13 |    30 ||    64
       Sticks to Snakes  |     2 |       |       ||     2
       Spider Form       |       |     4 |    18 ||    22
       Ice Form          |       |       |     3 ||     3
 Abil: Breathe Frost     |       |       |     2 ||     2
       End Transformatio |       |       |     1 ||     1
  Use: Scroll            |       |     5 |    17 ||    22
       Potion            |       |       |     4 ||     4
  Eat: Chunk             |     2 |     1 |    13 ||    16
       Bread ration      |       |     2 |     1 ||     3
       Pizza             |       |     1 |       ||     1
       Royal jelly       |       |       |     1 ||     1
       Beef jerky        |       |       |     2 ||     2
Armor: Skin              |    40 |    21 |   106 ||   167
Dodge: Dodged            |   110 |    76 |   239 ||   425
